 Dungeon Crawl Stone Soup version 0.20-a0-936-gaf809b6 (webtiles) character file.

33 Rrauwl the Slasher (level 3, 0/45 HPs)
             Began as a Barachi Berserker on Mar 30, 2017.
             Was a Follower of Trog.
             Slain by a hobgoblin (4 damage)
             ... led by Robin
             ... on level 2 of the Dungeon.
             The game lasted 00:02:56 (854 turns).

Rrauwl the Slasher (Barachi Berserker)               Turns: 854, Time: 00:02:57

Health: 0/45       AC:  2    Str: 24    XL:     3   Next: 29%
Magic:  3/3        EV:  7    Int:  7    God:    Trog [*.....]
Gold:   42         SH: 12    Dex: 11    Spells: 2/2 levels left

rFire    . . .     SeeInvis .   a - +0 falchion
rCold    . . .     Gourm    .   i - +0 large shield
rNeg     . . .     Faith    .   b - +0 animal skin
rPois    .         Spirit   .   (no helmet)
rElec    .         Reflect  .   (no cloak)
rCorr    .         Harm     .   (no gloves)
MR       .....                  (no boots)
Stlth    ..........             (no amulet)
Regen    0.2/turn               (no ring)
MPRegen  0.1/turn               (no ring)

@: berserking (expiring), very quick
A: +LOS, swims, slowness 1, strong legs 1
a: Hop, Berserk, Burn Spellbooks, Renounce Religion


You were on level 2 of the Dungeon.
You worshipped Trog.
Trog was aware of your devotion.
You were very hungry.

You visited 1 branch of the dungeon, and saw 2 of its levels.

You collected 42 gold pieces.

Inventory:

Hand Weapons
 a - a +0 falchion (weapon)
Armour
 b - a +0 animal skin (worn)
 i - a +0 large shield (worn)
Scrolls
 d - 5 scrolls of remove curse {unknown}
 h - a scroll of fear {unknown}
 j - a scroll of identify {unknown}
 k - a scroll of noise {unknown}
 l - 2 scrolls of teleportation {unknown}
Potions
 e - a potion of lignification {unknown}
 g - a potion of curing {unknown}
Comestibles
 c - 2 bread rations
 f - 5 chunks of flesh
 m - a meat ration


   Skills:
 + Level 4.1 Fighting
 + Level 4.1 Long Blades
 + Level 3.0 Armour
 + Level 2.5 Dodging
 + Level 0.2 Shields


You had 2 spell levels left.
You didn't know any spells.

Dungeon Overview and Level Annotations

Branches:
Dungeon (2/15)

Altars:
Elyvilon

Annotations:
D:2 Robin


Innate Abilities, Weirdness & Mutations

Shadows flee at your approach. (+LOS)
You can swim through water.
You cover ground slowly.
You can hop short distances.


Message History

Robin drinks a potion.
Robin is healed!
You closely miss Robin. You block the bat's attack. You block Robin's attack.
A goblin comes into view. It is wielding a dagger.
Unknown command.
You slash Robin!
Robin is heavily wounded.
You block the bat's attack. Robin hits you but does no damage.
The goblin moves out of view.
Unknown command.
You barely miss Robin.
Robin is heavily wounded.
You block the bat's attack. You block Robin's attack.
You block the bat's attack.
Some of the chunks of flesh in your inventory have rotted away.
You closely miss the hobgoblin.
The hobgoblin is moderately wounded.
You block the bat's attack. x2; Robin throws the goblin at you!
* * * LOW HITPOINT WARNING * * *
The hobgoblin hits you.
You die...

#.........(........
...............♣._.
#.........)g#....g.
###...##.#)#.#≈†.♣g
.........#(#.# ≈g.g
###..........# ...
#.###..##### .#
#.###..###### g
#.......g@g.#
#####..g.b#.#
#########.....# #
..........##.<#
############..#
#..# #..# #>.# #..#


You could see Robin, a hobgoblin, a goblin and a bat.

Vanquished Creatures
  A worm (D:2)
  A dart slug (D:1)
  4 bats
  2 giant cockroaches (D:1)
  4 hobgoblins
  3 kobolds (D:1)
  9 goblins
  A rat (D:1)
25 creatures vanquished.

Vanquished Creatures (others)
  A goblin (D:2)
  A quokka (D:2)
2 creatures vanquished.

Grand Total: 27 creatures vanquished

Notes
Turn   | Place    | Note
-------+----------+-------------------------------------------
     0 | D:1      | Rrauwl the Barachi Berserker began the quest for the Orb.
     0 | D:1      | Reached XP level 1. HP: 18/18 MP: 1/1
   151 | D:1      | Reached XP level 2. HP: 19/25 MP: 2/2
   814 | D:2      | Reached XP level 3. HP: 20/30 MP: 3/3
   818 | D:2      | Found a white marble altar of Elyvilon.
   819 | D:2      | Noticed Robin
   854 | D:2      | Slain by a hobgoblin

Vault maps used:
D:1:      erik_arrival_triangle_small, serial_bayou, serial_bayou_pond_e,
          serial_bayou_crossing, serial_bayou_ford_a, serial_bayou_lake_a,
          serial_bayou_pond_e
D:2:      elyvilon_altar_4, gammafunk_temple_overflow_wave, uniq_robin,
          uniq_natasha

Skill      XL: |  1  2  3 |
---------------+----------+-----
Long Blades    | 4 |  4.1
Armour         | 3 |  3.0
Fighting       | 4 |  4.1
Dodging        | |  2.5
Shields        | |  0.2

Action                   || total
-------------------------++-------
Melee: Falchion          ||    81
Invok: Berserk           ||     1
Armor: Animal skin       ||    13
Dodge: Dodged            ||    24
Block: Large shield      ||    36
       Rpst.: Falchion   ||     7
